 Dungeon Crawl Stone Soup version 0.29.1-12-g30fa7ad0bf (webtiles) character file.

Game seed: 18196886834220375742

63961 cowcol the Severer (level 14, -2/126 HPs)
             Began as a Green Draconian Berserker on Dec 22, 2022.
             Was an Elder of Trog.
             Killed from afar by a starcursed mass (17 damage)
             ... with an accursed screaming
             ... summoned by a shadow demon
             ... on level 4 of the Abyss.
             The game lasted 01:44:25 (27804 turns).

cowcol the Severer (Green Draconian Berserker)     Turns: 27804, Time: 01:44:25

Health: -2/126     AC: 12    Str: 22    XL:     14   Next: 70%
Magic:  0/14       EV: 19    Int:  7    God:    Trog [****..]
Gold:   2143       SH:  0    Dex: 11    Spells: 13/13 levels left

rFire   x . .      SeeInvis .   o - +4 battleaxe (flame)
rCold   + + .      Faith    .   (shield currently unavailable)
rNeg    . . .      Spirit   +   (body armour unavailable)
rPois   +          Reflect  .   (helmet restricted)
rElec   .          Harm     .   J - scarf {repulsion}
rCorr   .          Rampage  .   L - +0 pair of gloves of True Grit {rPois rC+ Will++ Dex-3}
Will    +++..                   p - +2 pair of boots
Stlth   +++.......              j - amulet of guardian spirit
HPRegen 0.31/turn               b - +4 ring of evasion
MPRegen 0.14/turn               B - ring of ice

@: hasted, repel missiles, very quick
A: breathe noxious fumes, AC +8, unfitting armour, stinger 1, poison resistance,
cold-blooded
a: Breathe Noxious Fumes, Renounce Religion, Berserk, Trog's Hand, Brothers in
Arms


You were on level 4 of the Abyss.
You worshipped Trog.
Trog was greatly pleased with you.
You visited 3 branches of the dungeon, and saw 18 of its levels.
You visited the Abyss 1 time.
You also visited: Ossuary.

You collected 2332 gold pieces.
You spent 189 gold pieces at shops.

Inventory:

Hand Weapons
 e - a +0 short sword
 o - a +4 battleaxe of flaming (weapon)
 s - a +1 glaive of flaming
 K - a +3 flail
 U - a +0 great sword
 X - a +0 battleaxe of freezing
 Y - a +0 antimagic battleaxe
Missiles
 g - 3 atropa-tipped darts
 l - 34 poisoned darts (quivered)
 t - 6 javelins
 u - 2 boomerangs of dispersal
Armour
 p - a +2 pair of boots (worn)
 J - a scarf of repulsion (worn)
 L - the +0 pair of gloves of True Grit (worn) {rPois rC+ Will++ Dex-3}
   (You acquired it on level 4 of the Lair of Beasts)

   Dex:       It affects your dexterity (-3).
   rC:        It protects you from cold.
   rPois:     It protects you from poison.
   Will:      It greatly increases your willpower.
 S - an orb of light
 T - a +2 cloak of stealth
Jewellery
 b - a +4 ring of evasion (left hand)
 j - an amulet of guardian spirit (around neck)
 B - a ring of ice (right hand)
 H - a ring of protection from cold
 Q - an amulet of reflection
Wands
 q - a wand of iceblast (8)
 C - a wand of flame (44)
 V - a wand of acid (6)
Scrolls
 f - 3 scrolls of teleportation
 h - 4 scrolls of fear
 E - 3 scrolls of fog
 I - 2 scrolls of silence
Potions
 a - 2 potions of attraction {unknown}
 c - a potion of invisibility
 d - a potion of magic {unknown}
 i - a potion of experience {unknown}
 k - 4 potions of brilliance
 m - a potion of heal wounds
 n - 4 potions of flight
 x - 11 potions of curing
 z - 2 potions of resistance {unknown}
 M - a potion of cancellation
 N - 4 potions of lignification {unknown}
 O - 3 potions of mutation {unknown}
 P - a potion of haste
 R - a potion of berserk rage {unknown}
Miscellaneous
 r - a piece from Xom's chessboard (14/15)


   Skills:
 + Level 12.1 Fighting
 - Level 1.0(7.5) Short Blades
 * Level 11.8 Long Blades
 + Level 17.1 Axes
 - Level 4.0 Throwing
 + Level 9.8 Dodging
 + Level 6.1 Stealth


You had 13 spell levels left.
You didn't know any spells.
Your spell library was empty.

Dungeon Overview and Level Annotations

Branches:
Dungeon (11/15)            Temple (0/1) D:5            Lair (5/5) D:11
 Shoals (0/4) Lair:3       Spider (0/4) Lair:2        Slime (0/5) Lair:4
    Orc (2/2) D:9         Ossuary (visited)
    Elf: Orc:2

Altars:
Dithmenos
Elyvilon
Gozag
Makhleb
Nemelex Xobeh
Okawaru
Qazlal
Sif Muna
Trog
Uskayaw
Wu Jian
Zin
Jiyva

Shops:
D:8 ?

Annotations:
Orc:2 Saint Roka


Innate Abilities, Weirdness & Mutations

You can breathe blasts of noxious fumes.
Your lurid green scales are hard. (AC +8)
You cannot fit into any form of body armour.
Your tail ends in a venomous barb.
Your system is resistant to poisons. (rPois)
You are cold-blooded and may be slowed by cold attacks.


Message History

Your thrashing horror tramples the shadow demon but does no damage.
Your thrashing horror barely misses the shadow demon.
You make a move on Xom's chessboard...
The starcursed mass is unaffected.
Your thrashing horror tramples the purple very ugly thing.
The purple very ugly thing stumbles backwards!
The fire bat misses you. The starcursed mass touches you.
* * * LOW HITPOINT WARNING * * *
Your magical effects are unravelling.
You feel magically purged.
You flicker back into view.
You are no longer corroded.
You feel your health improve.
You feel yourself growing ill in the presence of the ancient zyme.
A starcursed mass splits.
Your thrashing horror tramples the shadow demon.
The shadow demon holds its ground!
Your thrashing horror tramples the shadow demon.
The shadow demon holds its ground!
You feel better.
The fire bat bites you but does no damage.
Your thrashing horror tramples the shadow demon!
The shadow demon holds its ground!
Your thrashing horror tramples the shadow demon but does no damage.
The shadow demon hits your thrashing horror!
Your thrashing horror closely misses the shadow demon.
Your thrashing horror tramples the shadow demon but does no damage.
Your thrashing horror writhes in pain as voices assail its mind.
Your thrashing horror is destroyed!
Your thrashing horror dissolves into shadows!
The starcursed mass touches you but does no damage.
The shadow demon croaks.
You feel yourself speed up.
You hear a shout!
The purple very ugly thing headbutts you!!
* * * LOW HITPOINT WARNING * * *
A starcursed mass splits.
A starcursed mass comes into view.
The starcursed mass touches you.
* * * LOW HITPOINT WARNING * * *
A cacophony of accursed wailing tears at your sanity!
You die...

≈ § .≈# ≈
≈#≈.. .. ..#.
#≈≈##..
#......###
#.#...buX# .
#....XxX@####
#..
.#..2XX### ##
... .
#..#.#XX.
...###. ..# #
##X.##G... .#
. .#
####...4.#
... . ...#
### #.#. .
##.#.#. .#
..# # .⌠#
....
..#XG##.§.#
.⌠ #..#
.#X...##.#.#


You could see 8 starcursed masses, a purple very ugly thing, a shadow demon, an
ancient zyme and a fire bat.

Vanquished Creatures
  An orc warlord (D:9)
  A fire dragon (Lair:5)
  9 hydras
  Harold (D:9)
  A boulder beetle (Lair:2)
  2 catoblepae
  2 two-headed ogres
  6 death yaks
  An orc high priest (Orc:1)
  A swamp dragon (Lair:5)
  3 orc knights
  2 lindwurms (Lair:5)
  Pikel (D:4)
  An orc sorcerer (Orc:1)
  An ugly thing (D:10)
  A rust devil (Abyss:4)
  A cyclops (D:11)
  9 elephants
  6 torpor snails
  6 black mambas
  2 merfolk sirens (Lair:3)
  7 rime drakes
  8 cane toads
  5 komodo dragons
  Psyche (D:9)
  2 merfolk (Lair:3)
  6 hornets (Lair:5)
  A troll (Orc:1)
  3 tyrant leeches (Lair:5)
  A polar bear (Lair:3)
  A dream sheep (Lair:5)
  20 blink frogs
  Sigmund (D:6)
  14 wyverns
  A wraith (Ossuary)
  5 steam dragons
  36 yaks
  10 basilisks
  A warg (D:9)
  14 water moccasins
  3 acid dragons
  6 ice beasts (D:7)
  29 orc warriors
  16 wolves
  6 ogres
  6 centaurs
  A lemure (D:4)
  A kobold brigand (D:6)
  13 bullfrogs
  A gnoll sergeant (D:9)
  5 scorpions
  2 water moccasin zombies (D:5)
  9 wights
  5 killer bees (D:10)
  4 electric eels
  A howler monkey (D:9)
  5 starcursed masses (Abyss:4)
  3 hounds
  8 orc priests
  7 jellies
  10 iguanas
  12 orc wizards
  27 hell rats
  A hound zombie (D:5)
  A hound skeleton (D:5)
  A mummy (Ossuary)
  Robin (D:2)
  A howler monkey zombie (D:5)
  3 adders
  6 gnolls
  14 river rats (Lair:2)
  A howler monkey skeleton (D:5)
  2 shadow imps
  5 white imps
  An ufetubus (D:4)
  An adder zombie (D:5)
  An adder skeleton (D:5)
  3 worms
  3 dart slugs
  73 orcs
  12 endoplasms
  6 giant cockroaches
  9 goblins
  11 hobgoblins
  14 quokkas
  5 ball pythons
  4 bats (D:1)
  4 frilled lizards
  7 gnoll skeletons (Ossuary)
  2 goblin zombies (D:8)
  16 kobolds
  4 kobold skeletons (Ossuary)
  14 orc skeletons (Ossuary)
  15 rats
616 creatures vanquished.

Vanquished Creatures (collateral kills)
  A fire dragon (Lair:5)
  A hydra (Lair:5)
  A black mamba (Lair:5)
  A komodo dragon (Lair:5)
  A polar bear (Lair:3)
  6 dream sheep (Lair:5)
  2 wyverns (Lair:3)
  2 basilisks
  3 starcursed masses (Abyss:4)
  An orc (Orc:2)
19 creatures vanquished.

Vanquished Creatures (others)
  An iguana (Lair:5)
  A white imp (D:7)
  55 fungi
  94 plants
  A withered plant (D:5)
152 creatures vanquished.

Grand Total: 787 creatures vanquished

Notes
Turn   | Place    | Note
-------+----------+-------------------------------------------
     0 | D:1      | cowcol the Draconian Berserker began the quest for the Orb.
     0 | D:1      | Reached XP level 1. HP: 19/19 MP: 1/1
   351 | D:1      | Reached XP level 2. HP: 18/26 MP: 2/2
   776 | D:1      | Reached ** piety under Trog
   883 | D:1      | Reached XP level 3. HP: 31/33 MP: 3/3
  1229 | D:2      | Found Pefoneps's Weapon Emporium.
  1543 | D:2      | Found a burning altar of Makhleb.
  1838 | D:2      | Identified the +6 ring mail "Zaihosoh" {-Tele rPois rCorr
                  | Int+3}
  1849 | D:2      | Noticed Robin
  1860 | D:2      | Reached XP level 4. HP: 40/40 MP: 4/4
  1865 | D:2      | Killed Robin
  1907 | D:2      | Found a faded altar of an unknown god.
  2648 | D:3      | Reached skill level 1 in Short Blades
  2648 | D:3      | Reached skill level 4 in Axes
  2931 | D:3      | Reached XP level 5. HP: 46/46 MP: 5/5
  3339 | D:3      | You fall into a shaft and drop 1 floor!
  3369 | D:4      | Reached *** piety under Trog
  3764 | D:3      | Noticed a water moccasin
  3777 | D:3      | Killed a water moccasin
  3778 | D:3      | Reached skill level 1 in Long Blades
  3778 | D:3      | Reached XP level 6. HP: 51/52 MP: 3/6
  4145 | D:4      | Noticed Pikel
  4275 | D:4      | Killed Pikel
  4276 | D:4      | Reached skill level 6 in Axes
  4276 | D:4      | Reached skill level 1 in Throwing
  4276 | D:4      | Reached skill level 1 in Stealth
  4276 | D:4      | Your scales start taking on a lurid green colour.
  4276 | D:4      | Reached XP level 7. HP: 60/60 MP: 5/7
  4276 | D:4      | Gained mutation: Your system is resistant to poisons.
                  | (rPois) [Green Draconian growth]
  4378 | D:4      | Found a bloodstained altar of Trog.
  4481 | D:4      | Found a shadowy altar of Dithmenos.
  4659 | D:4      | Identified a scroll of acquirement
  4659 | D:4      | Acquired 628 gold pieces
  4691 | D:5      | Entered Level 5 of the Dungeon
  4780 | D:5      | Found a staircase to the Ecumenical Temple.
  5219 | D:5      | Reached XP level 8. HP: 67/67 MP: 8/8
  5423 | D:5      | Identified the +8 sling "Naemox" {freeze, *Corrode Int+5}
  5474 | D:5      | Reached skill level 7 in Axes
  5793 | D:6      | Reached skill level 5 in Fighting
  5793 | D:6      | Found a hide-covered altar of Uskayaw.
  5800 | D:6      | Noticed Sigmund
  5811 | D:6      | Killed Sigmund
  6104 | D:6      | Reached skill level 5 in Dodging
  6196 | D:6      | Reached skill level 8 in Axes
  7056 | D:6      | Reached XP level 9. HP: 67/74 MP: 9/9
  7755 | D:7      | Identified the +1 robe of Mal Buri {+Inv Str+6}
  8160 | D:7      | Reached skill level 5 in Long Blades
  8160 | D:7      | Reached skill level 9 in Axes
  8609 | D:8      | Found a sand-covered staircase.
  8617 | Ossuary  | Entered an ossuary
  8666 | Ossuary  | Reached **** piety under Trog
  9096 | D:8      | Found Ywaisown's Magic Scroll Emporium.
  9110 | D:8      | Bought a scroll of identify for 28 gold pieces
  9110 | D:8      | Bought a scroll of identify for 28 gold pieces
  9110 | D:8      | Bought a scroll of brand weapon for 133 gold pieces
  9520 | D:8      | Reached skill level 10 in Axes
  9520 | D:8      | Reached XP level 10. HP: 70/84 MP: 7/10
  9820 | D:8      | Found an opulent altar of Gozag.
  9820 | D:8      | Found a glowing silver altar of Zin.
 10211 | D:9      | Noticed Harold
 10231 | D:9      | Killed Harold
 10508 | D:9      | Noticed Psyche
 10809 | D:9      | Killed Psyche
 11043 | D:9      | Reached skill level 11 in Axes
 11128 | D:9      | Found a staircase to the Orcish Mines.
 11262 | D:9      | Found a white marble altar of Elyvilon.
 11331 | D:9      | Noticed a catoblepas
 11355 | D:9      | Killed a catoblepas
 11456 | D:9      | Found a shimmering blue altar of Sif Muna.
 11515 | D:10     | Entered Level 10 of the Dungeon
 11594 | D:10     | Found an iron altar of Okawaru.
 11978 | D:10     | Found a sparkling altar of Nemelex Xobeh.
 12072 | D:10     | Found a stormy altar of Qazlal.
 12243 | D:10     | Noticed a two-headed ogre
 12258 | D:10     | Killed a two-headed ogre
 12259 | D:10     | Reached XP level 11. HP: 93/93 MP: 9/11
 12270 | D:10     | Noticed a purple ugly thing
 12278 | D:10     | Killed a purple ugly thing
 12665 | D:10     | Reached skill level 12 in Axes
 13105 | Orc:1    | Entered Level 1 of the Orcish Mines
 13105 | Orc:1    | Noticed an orc knight
 13136 | Orc:1    | Killed an orc knight
 13320 | Orc:1    | Noticed an orc knight
 13483 | D:9      | Killed an orc knight
 13522 | Orc:1    | Noticed an orc warlord
 13694 | D:11     | Noticed a five-headed hydra
 13727 | D:11     | Killed a one-headed hydra
 13970 | D:11     | Noticed a two-headed ogre
 13974 | D:11     | Killed a two-headed ogre
 14151 | D:11     | Found a staircase to the Lair.
 14160 | Lair:1   | Entered Level 1 of the Lair of Beasts
 15332 | Lair:1   | Reached skill level 13 in Axes
 15510 | Lair:2   | Found a hide-covered altar of Uskayaw.
 15510 | Lair:2   | Found an ornate altar of the Wu Jian Council.
 15510 | Lair:2   | Noticed a boulder beetle
 15525 | Lair:2   | Killed a boulder beetle
 15537 | Lair:2   | Reached XP level 12. HP: 103/103 MP: 9/12
 15669 | Lair:2   | Noticed a death yak
 15669 | Lair:2   | Noticed a death yak
 15709 | Lair:2   | Noticed a death yak
 15762 | Lair:1   | Killed a death yak
 16052 | Lair:2   | Killed a death yak
 16053 | Lair:2   | Reached skill level 5 in Stealth
 16214 | Lair:2   | Noticed a death yak
 16214 | Lair:2   | Noticed a death yak
 16216 | Lair:2   | Noticed a death yak
 16261 | Lair:1   | Killed a death yak
 16306 | Lair:1   | Killed a death yak
 16552 | Lair:2   | Killed a death yak
 16574 | Lair:2   | Killed a death yak
 16988 | Lair:2   | Reached skill level 14 in Axes
 17075 | Lair:2   | Noticed a four-headed hydra
 17087 | Lair:2   | Killed a one-headed hydra
 17140 | Lair:2   | Found a hole to the Spider Nest.
 17405 | Lair:2   | Noticed a six-headed hydra
 17430 | Lair:2   | Killed a two-headed hydra
 17456 | Lair:2   | Reached ***** piety under Trog
 18822 | Lair:3   | Reached skill level 10 in Fighting
 18822 | Lair:3   | Reached XP level 13. HP: 73/112 MP: 10/13
 18857 | Lair:3   | Reached skill level 15 in Axes
 19227 | Lair:3   | Reached skill level 10 in Long Blades
 19371 | Lair:3   | Received a gift from Trog
 19562 | Lair:3   | Found a staircase to the Shoals.
 20450 | Lair:4   | Acquired the +0 pair of gloves of True Grit {rPois rC+
                  | Will++ Dex-3}
 21394 | Lair:4   | Found a runed translucent door.
 21394 | Lair:4   | Found a viscous altar of Jiyva.
 21394 | Lair:4   | Found a staircase to the Slime Pits.
 21590 | Lair:5   | Entered Level 5 of the Lair of Beasts
 22198 | Lair:5   | Reached skill level 16 in Axes
 22681 | Lair:5   | Gained mutation: Your tail ends in a venomous barb. [Green
                  | Draconian growth]
 22681 | Lair:5   | Reached XP level 14. HP: 124/124 MP: 11/14
 23644 | Lair:5   | Found a runed translucent door.
 23860 | Lair:5   | Received a gift from Trog
 23883 | Lair:5   | Paralysed by a hornet for 1 turns
 25985 | D:9      | Killed an orc warlord
 26629 | Orc:1    | Reached skill level 17 in Axes
 27006 | Orc:2    | Entered Level 2 of the Orcish Mines
 27199 | Orc:2    | Noticed Saint Roka
 27631 | Abyss:4  | Cast into level 4 of the Abyss (Saint Roka)
 27658 | Abyss:4  | Noticed a starcursed mass
 27665 | Abyss:4  | Paralysed by accursed screaming for 1 turns
 27714 | Abyss:4  | Found a corrupted altar of Lugonu.
 27726 | Abyss:4  | Noticed a starcursed mass
 27729 | Abyss:4  | Noticed a tentacled starspawn
 27732 | Abyss:4  | Found a corrupted altar of Lugonu.
 27763 | Abyss:4  | Noticed a starcursed mass
 27764 | Abyss:4  | Noticed a purple very ugly thing
 27765 | Abyss:4  | Noticed a starcursed mass
 27792 | Abyss:4  | Noticed a purple very ugly thing
 27794 | Abyss:4  | Noticed a starcursed mass
 27804 | Abyss:4  | Killed from afar by a starcursed mass

Illustrated notes

Levels and vault maps discovered:
D:1:      dreamdust_arrival_sigmund_warning, layout_basic, serial_forest,
          infiniplex_forest_straight_2, infiniplex_forest_lined_2,
          infiniplex_forest_lined_corner, infiniplex_forest_zigzag_1,
          infiniplex_forest_lined_room_2, infiniplex_forest_3_way,
          infiniplex_forest_fountain
D:2:      cheibrodos_old_hovel, layout_loops_ring, basic_altar, serial_shops,
          nicolae_shop_bloodbath_and_beyond, shapermc_ecumenical_altar_petra,
          uniq_robin
D:3:      layout_loops_corners
D:4:      layout_rooms, trog_hazing_becter, general_overflow_altar, uniq_pikel
D:5:      layout_gridville, minmay_temple_entry_mist, serial_undead,
          serial_undead_b, serial_undead_b, serial_undead_f, serial_undead_e,
          small_statue_intersection
D:6:      layout_loops_corners, mainiacjoe_overflow_catwalk,
          nicolae_kite_square_tiling_tiny, uniq_sigmund
D:7:      layout_loops_cross, dreamdust_mushroom_princess
D:8:      layout_basic, grunt_temple_overflow_gold_and_silver, serial_shops,
          shop, special_room [special_room_orc], enter_ossuary_4
D:9:      layout_gridville, led_sif_pool, mainiacjoe_overflow_alcove_4,
          david_orc_2, uniq_psyche, uniq_harold
D:10:     layout_stronghold, mainiacjoe_overflow_paths, grunt_qazlal_clouds,
          nemelex_altar_shiori, serial_column_ruins,
          column_ruins_courtyard_long, column_ruins_hut,
          column_ruins_open_small, column_ruins_open_tiny,
          column_ruins_corridor_straight
D:11:     layout_irregular_city, lair_entry_dummy
Lair:1:   layout_gridlike
Lair:2:   lemuel_ratsnest, layout_misc_corridors,
          nicolae_spider_entry_non_spiders, nzn_masters_of_martial_movement,
          grunt_megastairs_2
Lair:3:   layout_roguey [special_room_mythical_zoo], elwin_shoals_entry_stream,
          grunt_megastairs_4, infiniplex_staircase_pool_2
Lair:4:   layout_long_grid, slime_entry_2
Lair:5:   wormcave, layout_regular_city, guppyfry_lair_end_dragon,
          serial_bayou_lake_a, grunt_megastairs_3, infiniplex_staircase_pool,
          lemuel_fruit_fields
Orc:1:    layout_diamond_mine
Orc:2:    st_orc_pillars, layout_caves, library_closet, uniq_saint_roka
Abyss:4:  base: D:12, minivault_19, guppyfry_abyss_exit_spiral_guarded,
          hangedman_elemental_corridor, doesnt_abyss_rune_brain_food

Skill      XL: |  1  2  3  4  5  6  7  8  9 10 11 12 13 14 |
---------------+-------------------------------------------+-----
Dodging        | 3 4 5 6 7 8 9 |  9.8
Fighting       | 4 5 6 7 8 10 11 12 | 12.1
Short Blades   | 1 |  1.0
Axes           | 4 6 8 10 11 13 14 16 17 | 17.1
Long Blades    | 1 2 3 4 5 7 8 9 10 11 | 11.8
Throwing       | 1 2 3 4 |  4.0
Stealth        | 1 2 3 4 5 6 |  6.1

Action                   |  1- 3 |  4- 6 |  7- 9 | 10-12 | 13-15 || total
-------------------------+-------+-------+-------+-------+-------++-------
Melee: Hand axe          |   137 |   114 |   102 |       |       ||   353
       Tailslap          |    11 |    11 |    51 |   106 |   104 ||   283
       Punch             |     1 |       |     6 |     5 |     4 ||    16
       War axe           |       |       |   320 |   313 |   115 ||   748
       Battleaxe         |       |       |       |   396 |   486 ||   882
Throw: Dart              |     2 |    12 |    11 |    34 |    27 ||    86
Invok: Berserk           |     2 |     3 |     6 |    20 |    24 ||    55
       Brothers in Arms  |       |       |       |     1 |     5 ||     6
       Trog's Hand       |       |       |       |     1 |     1 ||     2
 Abil: Breathe Noxious F |       |       |    13 |    22 |    12 ||    47
Evoke: Wand              |       |       |       |       |     2 ||     2
       Piece from Xom's  |       |       |       |       |     1 ||     1
  Use: Scroll            |     2 |     2 |    11 |    14 |    12 ||    41
       Potion            |       |       |       |       |    15 ||    15
 Stab: Confused          |       |       |     3 |     9 |     4 ||    16
       Sleeping          |       |       |     2 |     2 |     4 ||     8
       Distracted        |       |       |       |     1 |     1 ||     2
       Invisible         |       |       |       |       |     1 ||     1
       Paralysed         |       |       |       |       |     1 ||     1
Armor: Skin              |    44 |    33 |   137 |   145 |   176 ||   535
Dodge: Dodged            |   137 |    87 |   315 |   586 |   639 ||  1764
       Repelled          |       |       |     1 |     2 |    11 ||    14
